 Dungeon Crawl Stone Soup version 0.26-a0-707-g31817bcca1 (webtiles) character file.

Game seed: 18106433363872762181

30 robertstho the Chiller (level 3, -1/26 HPs)
             Began as a Draconian Ice Elementalist on Oct 26, 2020.
             Slain by a gnoll
             ... wielding a +1 whip of pain
              (7 damage)
             ... on level 2 of the Dungeon.
             The game lasted 00:01:16 (990 turns).

robertstho the Chiller (Draconian Ice Elementalist)  Turns: 990, Time: 00:01:17

Health: -1/26      AC:  6    Str: 10    XL:     3   Next: 5%
Magic:  6/6        EV: 12    Int: 16    God:
Gold:   92         SH:  0    Dex: 11    Spells: 5/6 levels left

rFire    . . .     SeeInvis .   a - +0 spear
rCold    . . .     Faith    .   (no shield)
rNeg     . . .     Spirit   .   (armour unavailable)
rPois    .         Reflect  .   (helmet restricted)
rElec    .         Harm     .   (no cloak)
rCorr    .         Rampage  .   d - +0 pair of gloves
MR       .....                  (no boots)
Stlth    ++........             (no amulet)
HPRegen  0.08/turn              (no ring)
MPRegen  0.10/turn              (no ring)

@: no status effects
A: unfitting armour, cold-blooded, AC +5
a: no special abilities


You were on level 2 of the Dungeon.
You visited 1 branch of the dungeon, and saw 2 of its levels.

You collected 92 gold pieces.

Inventory:

Hand Weapons
 a - a +0 spear (weapon)
Missiles
 b - 14 poisoned darts (quivered)
Armour
 d - a +0 pair of gloves (worn)
Scrolls
 f - 2 scrolls of remove curse {unknown}
 g - a scroll of identify {unknown}
Potions
 c - a potion of cancellation {unknown}
 e - a potion of might {unknown}


   Skills:
 + Level 0.2 Polearms
 + Level 2.0 Dodging
 + Level 1.7 Stealth
 * Level 2.2 Spellcasting
 * Level 4.7 Ice Magic


You had 5 spell levels left.
You knew the following spells:

 Your Spells              Type           Power        Failure   Level
a - Freeze                Ice            ###.         3%          1

Your spell library contained the following spells:

 Spells                   Type           Power        Failure   Level
 Frozen Ramparts          Ice            ###...       9%          3
 Ozocubu's Armour         Ice            ###.....     9%          3
 Hailstorm                Conj/Ice       #.......     61%         4
 Summon Ice Beast         Ice/Summ       #.......     61%         4


Dungeon Overview and Level Annotations

Branches:
Dungeon (2/15)

Altars:


Innate Abilities, Weirdness & Mutations

Your plain brown scales are hard. (AC +5)
You cannot fit into any form of body armour.
You are cold-blooded and may be slowed by cold attacks.


Message History

You hit the gnoll but do no damage.
The gnoll is lightly wounded.
The goblin hits you but does no damage. The gnoll hits you but does no damage.
You closely miss the gnoll.
The gnoll is lightly wounded.
The goblin completely misses you. The gnoll hits you with a +0 whip.
You barely miss the gnoll.
The gnoll is lightly wounded.
The goblin closely misses you. The gnoll barely misses you. x2
You closely miss the gnoll.
The gnoll is lightly wounded.
The goblin hits you with a +0 dagger.
The gnoll hits you with a +1 whip of pain.
The gnoll barely misses you.
You hit the gnoll.
The gnoll is heavily wounded.
The goblin barely misses you. The gnoll hits you with a +0 whip!
* * * LOW HITPOINT WARNING * * *
The gnoll hits you with a +1 whip of pain!
You die...

#..#...#.# #..#.....#
#######.....#..#
#####.###...#....#..#..#
............#.....#####.
.....#####.....#........
#.....g#..#....#...#####
#?....g#.....######.....
#....Bg@..#..# ##..##
#.....#gK.#..# #..#
#.......###### #..# #...
..## #..# #.. ... #..#
#. .... #..# # .....
#... ###### #...


You could see 3 gnolls, a giant cockroach, a goblin and a kobold.

Vanquished Creatures
  A dart slug (D:1)
  A leopard gecko (D:2)
  2 ball pythons
  4 bats (D:1)
  2 goblins (D:1)
  5 hobgoblins
  2 frilled lizards (D:1)
  4 kobolds (D:1)
  5 rats
26 creatures vanquished.

Notes
Turn   | Place    | Note
-------+----------+-------------------------------------------
     0 | D:1      | robertstho the Draconian Ice Elementalist began the quest
                  | for the Orb.
     0 | D:1      | Reached XP level 1. HP: 14/14 MP: 3/3
   265 | D:1      | Reached XP level 2. HP: 20/20 MP: 3/5
   963 | D:2      | Reached XP level 3. HP: 26/26 MP: 6/6
   990 | D:2      | Slain by a gnoll

Illustrated notes

Levels and vault maps discovered:
D:1:      onia_arrival_pyramid, layout_basic
D:2:      layout_basic, chequers_temple_overflow_statue_of_worship,
          hangedman_decor_push

Skill      XL: |  1  2 |
---------------+-------+-----
Dodging        | 2 |  2.0
Polearms       | |  0.2
Stealth        | |  1.7
Spellcasting   | |  2.2
Ice Magic      | |  4.7

Action                   || total
-------------------------++-------
Melee: Spear             ||    83
       Tailslap          ||    10
 Cast: Freeze            ||     4
 Stab: Sleeping          ||     2
       Distracted        ||     1
Armor: Skin              ||    20
Dodge: Dodged            ||    56

Table legend: (Time is in decaauts)
 A = Elapsed time spent in this place.
 B = Non-inter-level travel time spent in this place.
 C = Inter-level travel time spent in this place.
 D = Time resting spent in this place.
 E = Time spent auto-exploring this place.
 F = Levels seen in this place.
 G = Mean time per level.
                   A        B        C        D        E       F      G
               +--------+--------+--------+--------+--------+-----+--------+
         Total |    996 |    984 |     12 |      0 |    800 |   2 |  498.0 |
       Dungeon |    996 |    984 |     12 |      0 |    800 |   2 |  498.0 |
               +--------+--------+--------+--------+--------+-----+--------+

Top non-repeatable levels by time:
     D:1: 702 daAuts
     D:2: 294 daAuts
